 Dungeon Crawl Stone Soup version 0.17-a0-1763-g847a857 (webtiles) character file.

29705 shakdrar the Basher (level 13, -5/96 HPs)
             Began as a Demonspawn Abyssal Knight on Sept 3, 2015.
             Was a High Priest of Lugonu.
             Slain by Rupert
             ... wielding a +4 great mace of holy wrath
              (28 damage)
             ... on level 6 of the Lair of Beasts on Sept 4, 2015.
             The game lasted 01:02:42 (14535 turns).

shakdrar the Basher (Demonspawn Abyssal Knight)    Turns: 14535, Time: 01:02:47

Health: -5/96      AC: 23    Str: 15    XL:     13   Next: 16%
Magic:  19/19      EV:  6    Int: 13    God:    Lugonu [*****.]
Gold:   900        SH:  0    Dex: 14    Spells: 0 memorised, 12 levels left

rFire  . . .     SeeInvis .     k - +7 flail (distort)
rCold  . . .     Clarity  .     F - +0 chain mail
rNeg   + . .     SustAt   +     (no shield)
rPois  +         Gourm    .     B - +0 helmet
rElec  .         Spirit   .     Q - +1 cloak
rCorr  .         Warding  +     l - +1 pair of gloves
rMut   .         Stasis   .     q - +1 pair of boots
MR     .....                    I - amulet of warding
Stlth  ..........               i - ring of poison resistance
                                r - ring of sustain attributes

@: not resistant to hostile enchantments, extremely unstealthy
A: talons 2, molten scales 2, frail 1, powered by death 1, spiny 2, weak 1,
subdued magic 1
a: Depart the Abyss, Bend Space, Banish, Corrupt, Enter the Abyss, Renounce
Religion


You were on level 6 of the Lair of Beasts.
You worshipped Lugonu.
Lugonu was extremely pleased with you.
You were not hungry.

You visited 3 branches of the dungeon, and saw 17 of its levels.
You visited the Abyss 1 time.

You collected 900 gold pieces.

Inventory:

Hand weapons
 a - a +1 mace
 k - a +7 flail of distortion (weapon)
 M - a +0 blowgun
 S - a +0 lajatang
Missiles
 n - 43 poisoned needles
 L - 6 curare-tipped needles
Armour
 l - a +1 pair of gloves (worn)
 q - a +1 pair of boots (worn)
 B - a +0 helmet (worn)
 F - a +0 chain mail (worn)
 Q - a +1 cloak (worn)
Jewellery
 g - an uncursed ring of protection from cold
 i - a ring of poison resistance (right hand)
 p - an uncursed ring of fire
 r - a ring of sustain attributes (left hand)
 C - an uncursed ring of stealth
 I - an amulet of warding (around neck)
 K - an uncursed ring of flight
 T - an uncursed amulet of resist mutation
Magical devices
 b - a wand of lightning (4)
 D - a wand of polymorph (12)
 E - a wand of teleportation (5)
 R - a wand of disintegration (16)
Scrolls
 e - 11 scrolls of identify
 f - 9 scrolls of remove curse
 j - 4 scrolls of amnesia
 m - a scroll of enchant armour
 s - a scroll of blinking
 t - a scroll of teleportation
 w - a scroll of fog
 x - 5 scrolls of recharging
 y - 3 scrolls of fear
 z - 3 scrolls of magic mapping
 H - 3 scrolls of enchant weapon
 O - a scroll of silence
Potions
 h - 2 potions of brilliance
 o - 6 potions of haste
 u - 5 potions of curing
 G - a potion of berserk rage
 J - 2 potions of agility
 P - 2 potions of flight
 U - a potion of heal wounds
Comestibles
 c - 10 bread rations
 d - 25 fruits
 v - 4 beef jerkies
 A - a slice of pizza
 N - 5 meat rations


   Skills:
 + Level 11.8 Fighting
 + Level 11.9 Maces & Flails
 + Level 1.1 Throwing
 + Level 10.0 Armour
 - Level 0.8 Dodging
 + Level 8.1 Invocations
 * Level 7.8 Evocations


You had 12 spell levels left.
You didn't know any spells.

Dungeon Overview and Level Annotations

Branches:
Dungeon (10/15)            Temple (0/1) D:5            Lair (6/8) D:8
 Shoals (0/4) Lair:5       Spider (0/4) Lair:5        Slime (0/6) Lair:6
    Orc (1/4) D:9

Altars:
Cheibriados
Elyvilon
Fedhas
Okawaru
Ru
Trog
Xom
Yredelemnul
Zin
Jiyva
Lugonu

Shops:
D:4 :   D:5 [   D:8 }   D:9 }

Annotations:
Lair:6 exclusion: oklob plant, Rupert


Innate Abilities, Weirdness & Mutations

You have razor-sharp toenails.
You are mostly covered in molten scales (AC +3, EV -1).
You regenerate a little health from kills.
You are mostly covered in sharp spines.
You are frail (-10% HP).
You are weak. (Str -2)
Your spells are a little easier to cast, but a little less powerful.


Message History

Rupert is severely wounded.
Rupert hits you with a great mace of holy wrath!
You convulse.
You completely miss Rupert.
Rupert is severely wounded.
Rupert is struck by your spines.
Rupert hits you with a great mace of holy wrath!!
You convulse!
You sock Rupert!
Rupert looks slightly unstable.
Rupert is severely wounded.
Rupert is struck by your spines. Rupert barely misses you.
You hit Rupert.
Space warps horribly around Rupert!
Rupert is almost dead.
You sock Rupert!
Space bends around Rupert.
Rupert is almost dead.
Rupert is struck by your spines.
Rupert hits you with a great mace of holy wrath!!
* * * LOW HITPOINT WARNING * * *
You convulse!!
You die...

. ##......P###P..## ###
.# .....P...P###..####P##
..##..###P..####...P....#
...... ##....###......##
....# ##P..#..#.......P#
....####P.(.............#
.....P.............#.#..#
..........##((....#######
.......##.##...@@..#
.......#.#.#.......#
...P...............#####
....#...............P#.#
.....#..P.#.P.........##
....#....###.........##
.####...#.###.......## .#
###...###P......##
.###......###......#


You could see Rupert (berserk).

Vanquished Creatures
  Nessos (Lair:5)
  Harold (Lair:1)
  A queen ant (Lair:5)
  Sonja (Lair:3)
  6 elephants
  2 spiny frogs (Lair:1)
  A black mamba (Lair:2)
  4 fire drakes
  7 komodo dragons
  3 blink frogs (Lair:6)
  A jumping spider (Lair:5)
  2 deep elf magi (D:9)
  17 yaks
  A human (D:7)
  A basilisk (Lair:4)
  6 hippogriffs
  8 wolves
  3 hungry ghosts
  Edmund (D:6)
  9 soldier ants (Lair:5)
  7 water moccasins
  An orc warrior (D:7)
  3 sky beasts
  3 black bears
  2 ice beasts
  An ogre (D:9)
  3 phantoms
  4 porcupines
  A centaur (D:9)
  12 crocodiles
  3 big kobolds (D:8)
  11 giant frogs
  10 killer bees
  2 crimson imps (D:8)
  5 orc wizards
  3 centaur zombies
  2 giant frog skeletons (D:6)
  3 giant frog zombies (D:6)
  A gnoll shaman (D:7)
  2 quasits (D:8)
  4 orc priests
  3 hounds
  A jelly (D:5)
  A centaur skeleton (D:6)
  23 worker ants
  7 iguanas
  4 sheep (D:7)
  2 killer bee zombies (D:6)
  A hound zombie (D:6)
  8 adders
  11 gnolls
  28 river rats
  3 shadow imps
  4 oozes
  4 adder skeletons
  An adder zombie (D:6)
  4 worms
  5 giant geckos
  27 orcs
  8 bats
  7 hobgoblins
  11 jackals
  4 quokkas
  2 ball pythons (D:3)
  11 giant cockroaches
  A giant gecko skeleton (D:5)
  2 giant newts
  7 goblins
  2 jackal skeletons
  5 kobolds
  A quokka skeleton (D:3)
  9 rats
  2 fungi (Lair:6)
  2 plants (Lair:6)
370 creatures vanquished.

Vanquished Creatures (others)
  2 hydras
  A slime creature (Lair:6)
  2 elephants (Lair:3)
  A komodo dragon (Lair:6)
  A wolf (Lair:5)
  A yak (D:9)
  An orc warrior (D:7)
  A worker ant (Lair:5)
  A quokka (D:9)
  16 fungi
  2 plants (Lair:6)
29 creatures vanquished.

Grand Total: 399 creatures vanquished

Notes
Turn   | Place    | Note
--------------------------------------------------------------
     0 | Abyss:1  | shakdrar the Demonspawn Abyssal Knight began the quest for the Orb.
     0 | Abyss:1  | Reached XP level 1. HP: 18/18 MP: 2/2
    51 | Abyss:1  | Noticed a demonic crawler
    52 | D:1      | Escaped the Abyss
   319 | D:1      | Acquired Lugonu's first power
   319 | D:1      | Gained mutation: You are partially covered in sharp spines. [demonic ancestry]
   319 | D:1      | Reached XP level 2. HP: 22/24 MP: 3/3
   953 | D:2      | Reached XP level 3. HP: 26/29 MP: 5/5
  1277 | D:2      | Found a bloodstained altar of Trog.
  1287 | D:2      | Acquired Lugonu's second power
  1759 | D:2      | Reached XP level 4. HP: 34/37 MP: 6/6
  1910 | D:3      | Reached skill level 4 in Fighting
  2883 | D:4      | Gained mutation: You have sharp toenails. [demonic ancestry]
  2883 | D:4      | Reached XP level 5. HP: 33/43 MP: 7/7
  3098 | D:4      | Found Xaykilar's Book Shoppe.
  3286 | D:4      | Noticed a phantom
  3299 | D:4      | Killed a phantom
  3377 | D:4      | Gained mutation: You are partially covered in molten scales (AC +1). [demonic ancestry]
  3377 | D:4      | Reached XP level 6. HP: 50/50 MP: 7/9
  3422 | D:4      | Acquired Lugonu's third power
  3429 | D:4      | Reached skill level 5 in Fighting
  3735 | D:4      | Found a blossoming altar of Fedhas.
  3782 | D:5      | Entered Level 5 of the Dungeon
  3866 | D:5      | Found Leesiq's Antique Armour Boutique.
  3873 | D:5      | Noticed a hungry ghost
  3881 | D:5      | Killed a hungry ghost
  3881 | D:5      | Gained mutation: You have razor-sharp toenails. [demonic ancestry]
  3881 | D:5      | Reached XP level 7. HP: 52/56 MP: 10/10
  3967 | D:5      | Gained mutation: You are weak. (Str -2) [potion of mutation]
  3967 | D:5      | Gained mutation: You are frail (-10% HP). [potion of mutation]
  3967 | D:5      | Gained mutation: Your spells are a little easier to cast, but a little less powerful. [potion of mutation]
  3968 | D:5      | Found a staircase to the Ecumenical Temple.
  4069 | D:5      | Found a sacrificial altar of Ru.
  4480 | D:6      | Reached skill level 6 in Fighting
  4597 | D:6      | Reached skill level 5 in Invocations
  4601 | D:6      | Acquired Lugonu's fourth power
  4601 | D:6      | Reached XP level 8. HP: 46/57 MP: 11/11
  4677 | D:6      | Noticed Edmund
  4689 | D:6      | Killed Edmund
  4689 | D:6      | Reached skill level 5 in Maces & Flails
  4694 | D:6      | Found a shimmering altar of Xom.
  5181 | D:7      | Reached skill level 7 in Fighting
  5181 | D:7      | Reached skill level 5 in Armour
  5614 | D:7      | Reached XP level 9. HP: 5/65 MP: 8/12
  6161 | D:7      | Found a basalt altar of Yredelemnul.
  6161 | D:7      | Found a snail-covered altar of Cheibriados.
  6231 | D:8      | Reached skill level 8 in Fighting
  6298 | D:8      | Acquired Lugonu's fifth power
  6430 | D:8      | Found a staircase to the Lair.
  6575 | D:9      | Found a staircase to the Orcish Mines.
  6580 | Orc:1    | Entered Level 1 of the Orcish Mines
  6920 | D:9      | Reached skill level 9 in Fighting
  7206 | D:9      | Found an iron altar of Okawaru.
  7257 | D:9      | Gained mutation: You are mostly covered in sharp spines. [demonic ancestry]
  7257 | D:9      | Reached XP level 10. HP: 67/74 MP: 14/14
  7364 | D:8      | Found a glowing silver altar of Zin.
  7683 | D:8      | Found Deitily's Gadget Emporium.
  7914 | D:9      | Found a white marble altar of Elyvilon.
  7991 | D:9      | Found Figat's Gadget Emporium.
  8068 | D:10     | Entered Level 10 of the Dungeon
  8270 | Lair:1   | Entered Level 1 of the Lair of Beasts
  8279 | Lair:1   | Reached skill level 10 in Fighting
  8484 | Lair:1   | Reached skill level 10 in Maces & Flails
  8484 | Lair:1   | Reached skill level 5 in Evocations
  8484 | Lair:1   | Gained mutation: You regenerate a little health from kills. [demonic ancestry]
  8484 | Lair:1   | Reached XP level 11. HP: 75/81 MP: 15/15
  8507 | Lair:1   | Noticed a five-headed hydra
  8507 | Lair:1   | Banished a five-headed hydra
  8654 | Lair:1   | Noticed Harold
  8669 | Lair:1   | Killed Harold
 10026 | Lair:2   | Reached XP level 12. HP: 82/89 MP: 16/16
 10558 | Lair:3   | Noticed Sonja
 10568 | Lair:3   | Killed Sonja
 10568 | Lair:3   | Reached skill level 11 in Fighting
 11568 | Lair:4   | Noticed a six-headed hydra
 11569 | Lair:4   | Banished a six-headed hydra
 12194 | Lair:5   | Identified a +7 flail of distortion (a +5 flail of crushing corrupted by Lugonu)
 12194 | Lair:5   | Received a gift from Lugonu
 12260 | Lair:5   | Found a staircase to the Shoals.
 12559 | Lair:5   | Reached skill level 1 in Throwing
 12836 | Lair:5   | Found a hole to the Spider Nest.
 12837 | Lair:5   | Noticed Nessos
 13018 | Lair:5   | Killed Nessos
 13262 | Lair:5   | Gained mutation: You are mostly covered in molten scales (AC +3, EV -1). [demonic ancestry]
 13262 | Lair:5   | Reached XP level 13. HP: 90/96 MP: 18/18
 13540 | Lair:6   | Found a runed door.
 13540 | Lair:6   | Found a viscous altar of Jiyva.
 13540 | Lair:6   | Found a staircase to the Slime Pits.
 13540 | Lair:6   | Noticed an acid blob
 13827 | Lair:6   | Reached skill level 10 in Armour
 14126 | Lair:5   | Upgraded the game from 0.17-a0-1760-ga6756ae to 0.17-a0-1763-g847a857
 14517 | Lair:6   | Noticed Rupert
 14535 | Lair:6   | Slain by Rupert

Vault maps used:
D:1:      dpeg_arrival_chambers_temple_mockup, hangedman_feature_mirror,
          corner_web_ring
D:2:      lemuel_crystal_altar, st_stairs_4
D:3:      first_bread, amethyst_killhole
D:4:      fedhas_altar_fruit_tree, serial_shops, nicolae_shop_statue_plus,
          serial_park_tiny_pond
D:5:      nicolae_ru_path_of_blood, minmay_temple_entry_grid, serial_shops, shop
D:6:      tgw_xom, serial_undead, serial_undead_c, serial_undead_c,
          serial_undead_d, serial_undead_b, serial_undead_c, uniq_edmund
D:7:      gammafunk_temple_overflow_wave, grunt_livestock
D:8:      lair_0_dummy, basic_altar, serial_shops, shop, special_room,
          hangedman_decor_points
D:9:      elyvilon_altar_4, orc_0_dummy, serial_shops,
          nicolae_shop_behind_doors, basic_altar
D:10:     kennysheep_windowed_goal
Lair:1:   hibernation_bobbens, uniq_harold
Lair:2:   statuecave_lemuel, serial_bayou_ford_a, st_stairs_9
Lair:3:   uniq_sonja
Lair:4:   nicolae_quartered_pool_medium
Lair:5:   shoals_dummy_entry, spider_nest_entry_rubble, minmay_another_anthill,
          uniq_nessos
Lair:6:   slime_altar_2, minmay_lair_oklob_bushes, serial_bayou_shore_b,
          lemuel_fruit_fields, uniq_rupert
Orc:1:    basic_altar, uniq_erica

Action                   |  1- 3 |  4- 6 |  7- 9 | 10-12 | 13-15 || total
-------------------------+-------+-------+-------+-------+-------++-------
Melee: Mace              |    57 |       |       |       |       ||    57
       Flail             |     7 |    79 |   238 |   506 |    94 ||   924
 Fire: Blowgun           |       |       |       |     9 |     5 ||    14
Invok: Depart the Abyss  |     1 |       |       |       |       ||     1
       Bend Space        |       |     1 |     1 |     2 |     3 ||     7
       Banish            |       |       |     2 |     6 |     4 ||    12
       Brand Weapon With |       |       |       |     1 |       ||     1
Evoke: Wand              |       |       |       |     1 |       ||     1
  Use: Scroll            |     6 |     8 |     4 |     9 |     2 ||    29
       Potion            |     5 |     4 |     5 |     2 |       ||    16
 Stab: Sleeping          |       |       |     2 |     1 |       ||     3
  Eat: Meat ration       |     1 |     1 |     2 |     3 |       ||     7
       Beef jerky        |     1 |       |       |       |     3 ||     4
       Bread ration      |       |       |     1 |       |       ||     1
       Pizza             |       |       |       |     8 |       ||     8
